 Dungeon Crawl Stone Soup version 0.21.1-1-g345015f (webtiles) character file.

641 xhucknasty the Ruffian (level 7, -2/60 HPs)
             Began as a Troll Monk on Mar 29, 2018.
             Slain by a scorpion (3 damage)
             ... on level 4 of the Dungeon on Apr 28, 2018.
             The game lasted 00:15:30 (2490 turns).

xhucknasty the Ruffian (Troll Monk)                 Turns: 2490, Time: 00:15:31

Health: -2/60      AC:  6    Str: 20    XL:     7   Next: 26%
Magic:  5/5        EV: 12    Int:  6    God:
Gold:   203        SH:  0    Dex: 14    Spells: 4/6 levels left

rFire    . . .     SeeInvis .     - Unarmed
rCold    . . .     Gourm    +   (no shield)
rNeg     . . .     Faith    .   a - +1 robe
rPois    .         Spirit   .   (helmet restricted)
rElec    .         Reflect  .   (no cloak)
rCorr    .         Harm     .   (gloves unavailable)
MR       .....                  (boots unavailable)
Stlth    ++........             g - amulet of rage
HPRegen  0.60/turn              (no ring)
MPRegen  0.09/turn              (no ring)

@: berserk cooldown, slowed, very slow
A: large, unfitting armour, claws 3, blink, fast metabolism 3, frail 1,
gourmand, low mp 1, regeneration 1, shaggy fur 1, tough skin 2, evolution 1
a: Blink, Evoke Berserk Rage


You were on level 4 of the Dungeon.
You were not hungry.

You visited 1 branch of the dungeon, and saw 4 of its levels.

You collected 203 gold pieces.

Inventory:

Hand Weapons
 j - a +0 hunting sling
Armour
 a - a +1 robe (worn)
 d - a +0 robe
 e - a +0 robe
Jewellery
 g - an amulet of rage (around neck)
Scrolls
 i - a scroll of fog
 k - 2 scrolls of random uselessness
 m - a scroll of remove curse {unknown}
 o - a scroll of enchant weapon
 r - a scroll of amnesia {unknown}
Potions
 c - 2 potions of degeneration
 h - a potion of agility {unknown}
 n - a potion of curing {unknown}
 p - 2 potions of magic {unknown}
Books
 l - a book of Maledictions

   Spells                             Type                      Level
   a - Corona                         Hexes                        1
   b - Ensorcelled Hibernation        Hexes/Ice                    2
   c - Confuse                        Hexes                        3
   d - Tukima's Dance                 Hexes                        3
   e - Dazzling Spray                 Conjuration/Hexes            3
Comestibles
 b - 6 rations


   Skills:
 + Level 3.1 Fighting
 + Level 4.1 Dodging
 + Level 1.5 Stealth
 + Level 6.6 Unarmed Combat


You had 4 spell levels left.
You knew the following spells:

 Your Spells              Type           Power        Failure   Level  Hunger
a - Ensorcelled Hibernat  Hex/Ice        #.....       58%         2    ###....


Dungeon Overview and Level Annotations

Branches:
Dungeon (4/15)
 Temple: D:4-7

Altars:

Shops:
D:4 %


Innate Abilities, Weirdness & Mutations

You are too large for most types of armour.
You have claws for hands.
Your metabolism is lightning-fast.
You like to eat raw meat.
Your natural rate of healing is unusually fast.
You are covered in fur. (AC +1)
You have very tough skin. (AC +2)
You can translocate small distances at will.
You are frail. (-10% HP)
Your magical capacity is low. (-10% MP)
You evolve.


Message History

You feel yourself slow down.
A scorpion comes into view.
The scorpion stings you!
* * * LOW HITPOINT WARNING * * *
A worker ant comes into view.
The scorpion stings you.
* * * LOW HITPOINT WARNING * * *
The worker ant twitches its antennae in your direction.
You scratch the scorpion.
The scorpion is moderately wounded.
The worker ant bites you but does no damage.
The scorpion barely misses you.
The worker ant bites you but does no damage.
The scorpion barely misses you.
A worker ant comes into view.
The worker ant twitches its antennae in your direction.
The worker ant bites you.
* * * LOW HITPOINT WARNING * * *
The scorpion stings you.
You die...

..... #.∩.####.$# ..............#
#..###...# #...#####...#######
###.....#.#####...#######....####
)...)...........................>
#######.........###..............
.# #####............#..[......
.###### ...$.............)......
..#... #..........####........
#.#.## #.....@aa.## ######.##
#....## ###..#.s..# .# ##....##
#.#####.# . .####..###### # #...
.. ##.....# .# ##### #. #.###.#.#
.. #..#....# #.##...# #.....##


You could see a scorpion and 2 worker ants.

Vanquished Creatures
  Grinder (D:3)
  An ogre (D:4)
  2 scorpions (D:4)
  A howler monkey (D:4)
  A hound (D:4)
  An orc priest (D:4)
  6 adders
  4 worms
  3 dart slugs
  4 leopard geckos
  10 orcs
  A ball python (D:4)
  9 bats
  10 hobgoblins
  8 jackals
  A quokka (D:3)
  2 frilled lizards
  4 goblins
  14 kobolds
  3 rats
86 creatures vanquished.

Notes
Turn   | Place    | Note
-------+----------+-------------------------------------------
     0 | D:1      | xhucknasty the Troll Monk began the quest for the Orb.
     0 | D:1      | Reached XP level 1. HP: 22/22 MP: 0/0
   330 | D:1      | Reached XP level 2. HP: 28/29 MP: 1/1
   881 | D:2      | Reached XP level 3. HP: 32/36 MP: 2/2
  1048 | D:2      | Reached skill level 4 in Unarmed Combat
  1223 | D:2      | Reached XP level 4. HP: 44/44 MP: 3/3
  1470 | D:3      | Learned a level 2 spell: Ensorcelled Hibernation
  1847 | D:4      | Noticed Grinder
  1852 | D:4      | Reached XP level 5. HP: 53/53 MP: 4/4
  1881 | D:3      | Paralysed by Grinder for 3 turns
  2005 | D:3      | Killed Grinder
  2005 | D:3      | Reached skill level 5 in Unarmed Combat
  2005 | D:3      | Reached XP level 6. HP: 56/61 MP: 5/5
  2013 | D:3      | Gained mutation: You are frail. (-10% HP) [potion of mutation]
  2013 | D:3      | Gained mutation: You can translocate small distances at will. [potion of mutation]
  2013 | D:3      | Gained mutation: Your magical capacity is low. (-10% MP) [potion of mutation]
  2013 | D:3      | Gained mutation: You evolve. [potion of mutation]
  2369 | D:4      | Found Hafokue's Food Shop.
  2430 | D:4      | Reached skill level 6 in Unarmed Combat
  2430 | D:4      | Reached XP level 7. HP: 6/60 MP: 5/5
  2472 | D:4      | HP: 3/60 [howler monkey (4)]
  2487 | D:4      | HP: 3/60 [scorpion (2)]
  2490 | D:4      | HP: 1/60 [worker ant (4)]
  2490 | D:4      | Slain by a scorpion

Skill      XL: |  1  2  3  4  5  6 |
---------------+-------------------+-----
Unarmed Combat | 4 5 6 |  6.6
Dodging        | 3 4 |  4.1
Fighting       | 3 |  3.1
Stealth        | |  1.5

Action                   |  1- 3 |  4- 6 |  7- 9 || total
-------------------------+-------+-------+-------++-------
Melee: Unarmed           |    94 |   142 |    23 ||   259
       Punch             |       |     6 |     1 ||     7
  Use: Scroll            |     6 |     2 |       ||     8
       Potion            |       |     4 |     1 ||     5
 Stab: Sleeping          |     1 |     1 |       ||     2
  Eat: Ration            |     3 |     2 |     1 ||     6
Armor: Robe              |    22 |    46 |    12 ||    80
Dodge: Dodged            |    42 |    91 |    17 ||   150
